 Dungeon Crawl Stone Soup version 0.15.2 (webtiles) character file.

270 Jard the Stinger (level 6, -2/51 HPs)
             Began as a Naga Venom Mage on Jan 4, 2015.
             Slain by an orc priest
             ... wielding a +0 dagger of venom
              (5 damage)
             ... on Level 4 of the Dungeon.
             The game lasted 00:31:00 (4544 turns).

Jard the Stinger (Naga Venom Mage)                  Turns: 4544, Time: 00:31:01

HP  -2/51        AC  3     Str 10      XL: 6   Next: 22%
MP  13/13        EV 10     Int 18      God:
Gold 271         SH  0     Dex 11      Spells:  3 memorised,  5 levels left

rFire  . . .     SeeInvis +     d - +2 dagger (venom)
rCold  . . .     Clarity  .     a - +0 robe
rNeg   . . .     rCorr    .     (no shield)
rPois  +         rRot     .     (no helmet)
rElec  .         Spirit   .     (no cloak)
SustAb .         Warding  .     (no gloves)
rMut   .         Stasis   .     (no barding)
Gourm  +                        m - amulet of the gourmand
MR     .....                    (no ring)
                                (no ring)

@: very slow, not resistant to hostile enchantments, fairly stealthy
A: spit poison, see invisible, deformed body, poison resistance, slowness 2, AC
+2
a: Spit Poison


You were on level 4 of the Dungeon.
You were full.

You visited 1 branch of the dungeon, and saw 4 of its levels.

You collected 271 gold pieces.

Inventory:

Hand weapons
 d - a +2 dagger of venom (weapon)
Armour
 a - a +0 robe (worn)
Comestibles
 c - 2 bread rations
 f - 2 meat rations
 s - a beef jerky
Scrolls
 e - a scroll of remove curse
 l - 2 scrolls of identify
 n - a scroll of enchant armour {unknown}
 o - a scroll of immolation {unknown}
 p - 2 scrolls of recharging {unknown}
 q - a scroll of blinking {unknown}
Jewellery
 m - an amulet of the gourmand (around neck)
Potions
 g - a potion of curing
 h - a potion of restore abilities {unknown}
 i - a potion of confusion {unknown}
 j - 2 potions of brilliance {unknown}
 k - a potion of heal wounds {unknown}
Books
 b - a Young Poisoner's Handbook

   Spells                             Type                      Level
   *Sting                             Conjuration/Poison           1
   *Cure Poison                       Poison                       2
   *Mephitic Cloud                    Conjuration/Poison/Air       3
   Olgreb's Toxic Radiance            Poison                       4
   Venom Bolt                         Conjuration/Poison           5
 r - a book of Fire

   Spells                             Type                      Level
   Ignite Poison                      Fire/Transmutation           5
   Fireball                           Conjuration/Fire             5
   Bolt of Fire                       Conjuration/Fire             6
   Delayed Fireball                   Conjuration/Fire             7
   Ring of Flames                     Charms/Fire                  7


   Skills:
 - Level 1.0 Fighting
 - Level 0.8 Short Blades
 - Level 1.7 Dodging
 + Level 3.8 Stealth
 + Level 3.2 Spellcasting
 * Level 2.9 Conjurations
 * Level 1.4 Air Magic
 + Level 6.5 Poison Magic


You had 5 spell levels left.
You knew the following spells:

 Your Spells              Type           Power        Failure   Level  Hunger
a - Sting                 Conj/Pois      ###.         1%          1    None
b - Mephitic Cloud        Conj/Pois/Air  ###.....     14%         3    ###....
c - Cure Poison           Pois           ####......   1%          2    ##.....


Dungeon Overview and Level Annotations

Branches:
Dungeon (4/15)
 Temple: D:4-7

Altars:
Makhleb
Sif Muna


Innate Abilities, Weirdness & Mutations

You cannot wear boots.
You can spit poison.
Your serpentine skin is tough (AC +2).
You have supernaturally acute eyesight.
Armour fits poorly on your strangely shaped body.
Your system is resistant to poisons.
You cover ground very slowly.


Message History

Confirm with . or Enter, or press ? or * to list all spells.
Aiming: Sting
Press: ? - help, Shift-Dir - straight line, f - orc priest
Aim: an orc priest, wielding a runed dagger and wearing a leather armour (hasn't noticed you)
The sting misses the orc priest.
You closely miss the orc priest. The orc priest barely misses you.
You hit the orc priest but do no damage.
The orc priest is poisoned.
The orc priest calls down the wrath of Beogh upon you.
Something smites you!
You closely miss the orc priest.
The orc priest is moderately wounded.
The orc priest hits you with a runed dagger.
The orc priest calls down the wrath of Beogh upon you.
Something smites you!
The orc priest calls down the wrath of Beogh upon you.
Something smites you!
* * * LOW HITPOINT WARNING * * *
The orc priest hits you with a runed dagger.
You die...

#.....##.###### ..#...##.#
## ###......# ..
##.#################.# ##.##
#............# #...#
#.##.##.###### #.%.# #.
#.##.# #...# #.##.##o##
#...# #.....@..# #...#
#........# #######
###...######.#.###.###.....#
.............#.##...##.....#
.............#.##..........#
............##.##...##.....#
###...########.#######.....#
#...# .#. ####### #...# # #


You could see an orc priest.

Vanquished Creatures
  A sky beast (D:4)
  Ijyb (D:2)
  A gnoll (D:1)
  7 adders
  A worm (D:2)
  An ooze (D:3)
  A giant gecko (D:2)
  3 orcs
  9 goblins
  10 hobgoblins
  6 bats
  5 giant cockroaches
  5 giant newts
  8 jackals
  11 kobolds
  8 rats
  A rat skeleton (D:4)
  A plant (D:3)
80 creatures vanquished.

Notes
Turn   | Place    | Note
--------------------------------------------------------------
     0 | D:1      | Jard, the Naga Venom Mage, began the quest for the Orb.
     0 | D:1      | Reached XP level 1. HP: 15/15 MP: 3/3
   319 | D:1      | Reached XP level 2. HP: 22/22 MP: 0/4
  1554 | D:1      | Reached XP level 3. HP: 25/30 MP: 1/6
  1661 | D:1      | Reached skill level 6 in Poison Magic
  1756 | D:1      | Reached skill level 1 in Conjurations
  1912 | D:1      | Reached skill level 1 in Fighting
  2206 | D:2      | Reached XP level 4. HP: 38/38 MP: 6/8
  2211 | D:2      | Learned a level 3 spell: Mephitic Cloud
  2214 | D:2      | Learned a level 2 spell: Cure Poison
  2224 | D:2      | Found a burning altar of Makhleb.
  2235 | D:2      | Noticed Ijyb
  2246 | D:2      | Killed Ijyb
  3107 | D:3      | Reached XP level 5. HP: 44/44 MP: 7/9
  3949 | D:3      | Found a deep blue altar of Sif Muna.
  4176 | D:4      | Noticed a sky beast
  4199 | D:4      | Killed a sky beast
  4199 | D:4      | Reached skill level 1 in Air Magic
  4199 | D:4      | Reached XP level 6. HP: 17/51 MP: 8/13
  4539 | D:4      | HP: 2/51 [orc priest/divine providence (15)]
  4544 | D:4      | Slain by an orc priest

Action                   |  1- 3 |  4- 6 || total
-------------------------+-------+-------++-------
Melee: Dagger            |    43 |   155 ||   198
       Unarmed           |     7 |       ||     7
       Short sword       |     1 |       ||     1
 Cast: Sting             |    58 |    46 ||   104
  Use: Scroll            |     2 |     3 ||     5
       Potion            |       |     1 ||     1
 Stab: Sleeping          |       |     2 ||     2
  Eat: Fruit             |     2 |       ||     2
       Chunk             |     2 |    13 ||    15
       Beef jerky        |     1 |       ||     1
